Map: Dusty Gorge

Players

MonstroTown - Winner!

  • Race: Terran Terran
  • Spawn Location: 5:00

Michael - Winner!

  • Race: Zerg Zerg
  • Spawn Location: 3:00

Damage

  • Race: Terran Terran
  • Spawn Location: 9:00

Leonydus

  • Race: Zerg Zerg
  • Spawn Location: 11:00

VOD

Have the link to the VOD?

Description

Time

  • Played on: Sept. 7, 2018, 3:50 p.m.
  • Length: 11:10
Show
View Real Time Build Order
Export as new Build Order

MonstroTown Terran - Winner!

Build Orders: Reaper Expand, MMM Bio 

Get SALT Encoding   

  12  0:01  SCV  
  13  0:13  SCV  
  14  0:18  Supply Depot  
  14  0:25  SCV  
  15  0:40  SCV  
  15  0:41  Barracks  
  16  0:46  Refinery  
  16  0:52  SCV  
  17  1:04  SCV  
  18  1:16  SCV  
  19  1:29  Reaper  
  19  1:30  Orbital Command  
  20  1:44  Command Center  
  20  1:56  SCV, Refinery  
  21  2:05  Supply Depot  
  21  2:09  Barracks Reactor  
  21  2:12  SCV  
  22  2:28  SCV  
  23  2:30  Factory  
  23  2:40  SCV  
  22  2:53  SCV  
  22  2:57  Barracks  
  23  2:59  Engineering Bay, Orbital Command  
  23  3:05  Marine  
  23  3:07  Marine  
  25  3:15  Factory Tech Lab  
  25  3:18  SCV  
  26  3:25  Marine  
  26  3:26  Marine  
  28  3:30  SCV x2  
  30  3:39  Terran Infantry Weapons Level 1  
  30  3:42  SCV  
  30  3:46  Barracks Tech Lab  
  30  3:47  Starport  
  30  3:48  Marine  
  32  3:50  Marine  
  32  3:54  SCV x2  
  35  4:00  Siege Tank  
  38  4:06  Marine  
  38  4:08  SCV, Supply Depot  
  40  4:15  Marine  
  40  4:16  Marauder  
  43  4:18  Stimpack  
  43  4:22  SCV x2  
  45  4:30  Medivac  
  47  4:34  Engineering Bay, SCV  
  47  4:36  Marine x2  
  50  4:39  SCV  
  51  4:46  SCV  
  51  4:51  SCV  
  53  4:55  Supply Depot  
  53  4:57  Supply Depot  
  53  5:01  Terran Infantry Armor Level 1  
  53  5:15  Marine  
  53  5:16  Marine  
  53  5:17  Siege Tank, Marauder  
  53  5:20  SCV x2  
  62  5:23  Starport Reactor  
  62  5:28  Refinery  
  62  5:29  Refinery  
  62  5:32  SCV x2  
  62  5:33  Marine  
  65  5:40  Armory  
  65  5:42  Barracks  
  65  5:44  SCV x2  
  67  5:54  Marine  
  67  5:55  Marine x2  
  67  5:56  SCV  
  70  6:16  Marine  
  70  6:19  Marine  
  70  6:20  SCV  
  70  6:31  Liberator  
  70  6:36  Terran Infantry Weapons Level 2  
  70  6:37  Siege Tank, SCV, Supply Depot x2, Marine x4  
  77  6:42  Supply Depot  
  72  6:49  SCV  
  72  6:51  SCV  
  72  6:52  Supply Depot  
  77  6:54  Combat Shields  
  77  6:55  Marine  
  77  6:59  Marine  
  77  7:00  Barracks Reactor  
  79  7:01  SCV  
  79  7:08  SCV  
  81  7:13  Command Center  
  81  7:20  Marine  
  81  7:21  Siege Tank, Marauder, Medivac  
  89  7:26  Marine  
  90  7:35  Barracks  
  90  7:36  Medivac  
  92  7:37  Marine  
  92  7:39  Marine  
  92  7:40  Marine  
  92  7:41  Marine  
  92  7:42  SCV x2  
  92  8:16  Marine x2  
  92  8:17  Marine x2  
  92  8:18  Siege Tank  
  82  8:39  Marine x4  
  86  8:48  Marine  
  87  8:50  Widow Mine, Medivac x2  
  93  8:57  Marine x2  
  93  8:59  Barracks Tech Lab, Barracks  
  93  9:01  Barracks x2  
  93  9:02  Fusion Core  
  95  9:14  Liberator x2  
  83  9:29  Marine x2  
  83  9:30  Siege Tank  
  93  9:38  Starport  
  93  9:40  Marine x3  
  96  9:57  Marine x3  
  96  9:58  Marine  
  100  10:02  Barracks Reactor x3  
  100  10:11  Orbital Command  
  83  10:48  Marine  
  83  10:49  Marine x7  
  88  10:50  Marine x2  
  88  10:52  SCV x2  
  88  10:56  Starport Tech Lab, Supply Depot  
  93  10:57  Supply Depot  
  93  10:58  Supply Depot  
Show
View Real Time Build Order
Export as new Build Order

Michael Zerg - Winner!

Build Orders: Hatch First 

Get SALT Encoding   

  12  0:01  Drone  
  13  0:12  Overlord  
  13  0:18  Drone  
  14  0:31  Drone x2  
  14  0:35  Drone  
  17  0:55  Hatchery  
  16  0:57  Drone  
  16  1:01  Drone  
  18  1:07  Extractor  
  17  1:18  Spawning Pool  
  16  1:21  Drone  
  16  1:23  Drone  
  18  1:28  Drone  
  19  1:39  Drone  
  20  1:53  Overlord  
  20  2:05  Queen  
  20  2:07  Queen  
  24  2:10  Metabolic Boost  
  24  2:13  Zergling x2  
  24  2:14  Zergling x2  
  26  2:18  Zergling x2  
  26  2:21  Drone  
  28  2:25  Drone  
  28  2:29  Drone  
  30  2:40  Overlord  
  30  2:41  Overlord  
  30  3:00  Drone x3  
  32  3:18  Drone x4  
  36  3:28  Extractor, Roach Warren, Evolution Chamber  
  33  3:35  Drone  
  33  3:37  Drone  
  35  3:44  Queen  
  35  3:45  Hatchery  
  36  3:52  Queen  
  38  3:56  Drone  
  38  3:57  Drone  
  38  3:58  Drone  
  38  4:01  Drone  
  42  4:03  Drone  
  42  4:05  Drone  
  44  4:10  Overlord  
  44  4:14  Overlord  
  44  4:18  Overlord  
  44  4:25  Zerg Ground Armor Level 1  
  44  4:29  Lair  
  44  4:39  Drone x3  
  44  4:40  Drone  
  44  4:42  Extractor  
  44  4:43  Extractor, Spore Crawler  
  45  4:47  Spine Crawler  
  44  5:09  Roach x2  
  44  5:10  Roach x6  
  44  5:11  Roach  
  62  5:15  Roach  
  64  5:30  Drone x3  
  64  5:33  Drone x3  
  64  5:35  Drone x3  
  73  5:42  Overlord  
  73  5:44  Overlord  
  73  5:47  Drone  
  74  5:53  Spine Crawler  
  73  6:00  Queen  
  75  6:06  Spore Crawler  
  75  6:08  Hydralisk Den  
  73  6:17  Roach x4  
  73  6:18  Roach x4  
  89  6:21  Overlord  
  89  6:22  Overlord  
  82  6:38  Roach x5  
  76  7:04  Drone x5  
  76  7:05  Drone x3  
  76  7:08  Spore Crawler  
  83  7:14  Glial Reconstitution  
  83  7:17  Muscular Augments  
  83  7:18  Zerg Missile Weapons Level 1  
  83  7:21  Drone  
  84  7:24  Extractor x2  
  84  7:25  Drone x2  
  84  7:26  Drone  
  85  7:36  Hatchery  
  84  7:39  Hydralisk x4  
  84  7:40  Hydralisk  
  94  7:44  Drone  
  94  7:50  Hydralisk x2  
  99  8:06  Hydralisk x2  
  99  8:09  Overlord x5  
  103  8:18  Hydralisk  
  103  8:32  Hydralisk x4  
  111  8:39  Hydralisk  
  109  8:41  Zergling x2  
  109  8:42  Zergling x12  
  116  8:50  Hydralisk  
  116  8:51  Hydralisk  
  116  8:54  Zergling x2  
  116  8:55  Zergling x14  
  128  9:10  Drone x2  
  122  9:35  Grooved Spines  
  122  9:41  Infestation Pit, Spire  
  120  9:47  Drone x3  
  120  9:48  Drone x2  
  120  9:52  Drone  
  126  10:03  Hydralisk  
  126  10:04  Hydralisk x4  
  126  10:05  Hatchery  
  135  10:07  Roach x2  
  135  10:08  Roach  
  135  10:09  Zergling x12  
  135  10:10  Zergling x10  
  138  10:30  Hydralisk x7  
  151  10:40  Hydralisk  
Show
View Real Time Build Order
Export as new Build Order

Damage Terran 

Build Orders: Command Center First (CC) 

Get SALT Encoding   

  12  0:02  SCV  
  13  0:14  SCV  
  14  0:26  SCV  
  15  0:35  Supply Depot  
  15  0:59  Command Center  
  15  1:01  SCV  
  16  1:15  Barracks  
  17  1:18  SCV  
  17  1:30  SCV  
  17  1:31  Refinery  
  18  1:42  SCV  
  19  1:51  Supply Depot  
  19  1:54  SCV  
  20  2:05  Refinery  
  20  2:06  SCV  
  20  2:08  Marine  
  22  2:19  SCV  
  23  2:25  Marine  
  23  2:26  Barracks  
  24  2:56  Marine  
  25  3:20  Marine x2  
  27  3:28  Factory, SCV  
  28  3:40  SCV  
  30  3:41  SCV  
  30  3:46  Marine x2  
  32  3:52  SCV  
  32  3:53  SCV  
  34  3:58  Factory  
  34  4:04  SCV  
  35  4:16  SCV  
  36  4:22  Factory Reactor  
  35  4:26  Marine x2  
  35  4:29  SCV  
  38  4:37  Refinery  
  38  4:38  Refinery  
  38  4:39  Orbital Command  
  38  4:41  SCV  
  38  4:44  Marine  
  38  4:45  Factory Reactor  
  40  4:48  Marine  
  41  4:53  SCV  
  42  5:02  Supply Depot, Marine  
  42  5:05  Cyclone  
  46  5:10  Orbital Command  
  46  5:21  Barracks Reactor  
  46  5:23  Cyclone  
  49  5:33  Barracks Reactor  
  49  5:36  Hellion x2  
  49  5:41  SCV  
  54  5:53  SCV  
  51  6:18  Armory  
  51  6:20  Cyclone  
  54  6:27  Supply Depot  
  54  6:48  Cyclone x2  
  60  6:57  Cyclone x2  
  62  7:20  Cyclone x2  
  68  7:34  SCV  
  69  7:46  SCV  
  69  7:48  Cyclone x2  
  76  7:59  SCV  
  77  8:11  SCV  
  70  8:53  Cyclone x2  
  76  8:57  Marine x2  
  78  9:12  Marine  
  78  9:13  Cyclone, Marine  
  78  9:14  Marine x2  
  78  9:20  Cyclone  
  69  9:25  Cyclone x2  
  69  9:30  Marine x2  
  59  9:32  Marine x2  
  61  9:46  Cyclone  
  61  9:48  Marine x2  
  61  9:50  Marine x2  
  61  9:52  Cyclone  
  71  9:57  Cyclone  
  74  10:06  Marine x2  
  76  10:08  Marine x2  
  78  10:14  Factory  
Show
View Real Time Build Order
Export as new Build Order

Leonydus Zerg 

Build Orders: Hatch First 

Get SALT Encoding   

  12  0:02  Drone  
  13  0:10  Drone  
  14  0:37  Hatchery  
  13  0:42  Overlord  
  13  0:49  Drone  
  14  1:06  Spawning Pool  
  14  1:09  Extractor  
  14  1:10  Drone  
  13  1:15  Drone  
  14  1:19  Drone  
  14  1:23  Drone  
  16  1:33  Drone  
  17  1:42  Drone  
  18  1:50  Drone  
  18  1:53  Queen  
  21  2:01  Queen  
  21  2:06  Drone  
  24  2:18  Roach Warren  
  24  2:20  Drone  
  24  2:24  Drone  
  24  2:27  Drone  
  26  2:33  Overlord  
  26  2:47  Drone x2  
  26  2:48  Overlord  
  28  2:54  Drone x2  
  30  3:02  Extractor  
  30  3:03  Lair  
  29  3:08  Drone  
  30  3:17  Roach x2  
  34  3:20  Drone  
  34  3:26  Spine Crawler  
  34  3:29  Drone x2  
  34  3:30  Drone  
  34  3:34  Drone  
  38  3:38  Overlord  
  38  3:49  Overlord  
  38  3:50  Roach  
  38  3:51  Roach  
  42  4:00  Glial Reconstitution  
  42  4:08  Evolution Chamber  
  42  4:09  Drone x2  
  43  4:11  Evolution Chamber  
  43  4:12  Pneumatized Carapace  
  43  4:16  Drone  
  43  4:18  Drone  
  43  4:20  Drone  
  43  4:22  Drone  
  46  4:26  Roach  
  46  4:30  Drone  
  50  4:31  Drone  
  50  4:33  Drone  
  51  4:39  Extractor  
  51  4:40  Zerg Missile Weapons Level 1  
  50  4:49  Hydralisk Den  
  49  4:54  Zerg Ground Armor Level 1  
  49  5:01  Drone  
  49  5:02  Extractor, Drone x2  
  49  5:04  Overlord  
  49  5:06  Overlord  
  51  5:08  Roach  
  53  5:24  Roach x2  
  53  5:25  Roach  
  53  5:28  Grooved Spines  
  59  5:33  Overseer  
  59  5:42  Drone x3  
  62  5:43  Drone  
  62  5:44  Roach x2  
  62  5:46  Hydralisk x2  
  71  5:51  Hydralisk  
  71  5:55  Roach  
  75  5:57  Overlord  
  69  6:35  Hydralisk x5  
  71  6:51  Hydralisk x3  
  71  6:52  Hydralisk  
  79  7:01  Overlord  
  79  7:02  Overlord x3, Hydralisk x2  
  79  7:04  Overlord x2  
  83  7:24  Overseer, Hatchery  
  83  7:27  Hydralisk x2  
  83  7:28  Hydralisk  
  88  7:33  Zerg Missile Weapons Level 2  
  88  7:38  Roach x2  
  88  7:39  Roach  
  88  7:42  Roach  
  96  7:45  Roach  
  68  8:41  Roach x3  
  68  8:42  Roach  
  68  8:45  Roach x8  
  68  8:46  Roach x2  
  94  8:56  Queen  
  94  8:57  Drone x2  
  98  9:14  Drone x3  
  98  9:16  Drone x2  
  103  9:19  Drone x3  
  106  9:29  Hydralisk  
  106  9:30  Hydralisk x2  
  112  9:38  Overseer, Lurker Den  
  111  9:39  Overlord  
  111  9:43  Drone x3  
  114  9:47  Extractor  
  114  9:49  Extractor  
  112  9:53  Drone x3  
  112  9:54  Drone x2  
  112  9:57  Overlord  
  117  10:00  Overlord x3  
Tags
 
Add a new tag
Caveats
  • Supply blocks, unpowered buildings, or Contaminate may cause inaccurate times.
  • Supply counts are checked every 10 seconds.